 Dungeon Crawl Stone Soup version 0.30.1-11-g7821555f0a (webtiles) character file.

Game seed: 9333766038866852762

109 Eitelfritz the Grave Robber (level 4, -1/32 HPs)
             Began as a Demonspawn Necromancer on Dec 8, 2023.
             Slain by a gnoll
             ... wielding a +0 flail
              (10 damage)
             ... on level 3 of the Dungeon.
             The game lasted 00:07:37 (1945 turns).

Eitelfritz the Grave Robber (DsNe)                  Turns: 1945, Time: 00:07:38

Health: -1/32      AC:  2    Str:  8    XL:     4   Next: 60%
Magic:  8/8        EV:  6    Int: 19    God:
Gold:   64         SH:  0    Dex: 13    Spells: 5/9 levels left

rFire   . . .        i - +0 whip (venom)
rCold   . . .        (no shield)
rNeg    . . .        d - +0 robe
rPois   .            (no helmet)
rElec   .            (no cloak)
rCorr   .            (no gloves)
SInv    .            (no boots)
Will    .....        (no amulet)
Stlth   ++           (no ring)
HPRegen 0.25/turn    (no ring)
MPRegen 0.11/turn

%: no passive effects
@: held
A: large bone plates 1, condensation shield, demonic magic 1
a: no special abilities


You were on level 3 of the Dungeon.
You visited 1 branch of the dungeon, and saw 3 of its levels.

You collected 64 gold pieces.

Inventory:

Hand Weapons
 a - a +0 short sword
 i - a +0 whip of venom (weapon)
Missiles
 e - 9 boomerangs
 o - 5 silver javelins
 p - 6 poisoned darts
Armour
 d - a +0 robe (worn)
Wands
 m - a wand of iceblast (16)
Scrolls
 f - a scroll of identify {unknown}
 j - a scroll of poison {unknown}
 k - a scroll of noise {unknown}
 n - a scroll of fog {unknown}
 r - 2 scrolls of fear {unknown}
Potions
 b - 2 potions of magic
 c - 2 potions of haste {unknown}
 g - a potion of ambrosia {unknown}
 h - a potion of mutation {unknown}
 l - a potion of curing {unknown}
 q - 2 potions of might {unknown}
 s - a potion of degeneration {unknown}


   Skills:
 + Level 1.0 Fighting
 + Level 0.1 Short Blades
 + Level 0.2 Maces & Flails
 + Level 1.9 Dodging
 + Level 1.8 Stealth
 + Level 3.2 Spellcasting
 + Level 5.4 Necromancy


You had 5 spell levels left.
You knew the following spells:

 Your Spells              Type           Power      Damage    Failure   Level
a - Necrotise             Necr           92%        1d8       1%          1
b - Vampiric Draining     Necr           23%        2d7       4%          3

Your spell library contained the following spells:

 Spells                   Type           Power      Damage    Failure   Level
 Animate Dead             Necr           23%        N/A       16%         4
 Scorch                   Fire           6%         2d5       22%         2
 Agony                    Necr           23%        N/A       41%         5
 Flame Wave               Conj/Fire      3%         2d5       83%         4
 Summon Cactus Giant      Summ           1%         N/A       100%        6


Dungeon Overview and Level Annotations

Branches:
Dungeon (3/15)

Altars:

Shops:
D:1 !


Innate Abilities, Weirdness & Mutations

You are partially covered in large bone plates. (SH +4)
A meltable shield of frost defends you. (SH +4)
Spells you cast may paralyse adjacent enemies.


Message History

Aiming: Necrotise (safe; 1% risk of failure)
Press: ? - help, Shift-Dir - straight line, f/p - gnoll
Aim: a gnoll, wielding a +0 whip (almost dead, paralysed, chance to affect: 87%)
The gnoll writhes in agony.
Malevolent energies surge around you.
Casting: Necrotise (safe; 1% risk of failure)
Confirm with . or Enter, or press ? or * to list all spells.
Aiming: Necrotise (safe; 1% risk of failure)
Press: ? - help, Shift-Dir - straight line, f/p - gnoll
Aim: a gnoll, wielding a +0 whip (almost dead, paralysed, chance to affect: 87%)
The gnoll writhes in agony.
You kill the gnoll!
Malevolent energies surge around you.
The dead are walking!
You start resting.
Your gnoll skeleton crumbles into dust!
Magic restored.
You start resting.
HP restored.
You climb downwards.
The jackal barks!
The endoplasm freezes you.
You are frozen.
The gnoll throws a throwing net.
The throwing net hits you.
You become entangled in the net!
The gnoll hits you with a +0 flail. The gnoll barely misses you.
There is a stone staircase leading up here.
You see here a throwing net.
You struggle against the net.
The endoplasm hits you but does no damage.
The gnoll barely misses you. x2
A jackal comes into view.
You struggle against the net.
The endoplasm freezes you.
You are frozen.
The frilled lizard bites you but does no damage.
The gnoll hits you with a +0 flail! The gnoll hits you with a +0 club. x2
You struggle against the net.
The gnoll hits you but does no damage. The endoplasm freezes you.
You are frozen.
* * * LOW HITPOINT WARNING * * *
The gnoll hits you with a +0 flail!
You die...

.....>h
##.....
##.....####
#.........
#.......#
#...h...#
#.Jgl.#
#.@g.#
#...g..#
#.#.#.....
# #. ....##
## .#### .#
##


You could see 3 gnolls, an endoplasm, 2 jackals and a frilled lizard.

Vanquished Creatures
  A gnoll (D:2)
  4 adders (D:2)
  2 dart slugs (D:1)
  6 ball pythons
  2 endoplasms (D:1)
  3 giant cockroaches (D:1)
  2 goblins (D:1)
  7 hobgoblins
  6 kobolds
  5 quokkas (D:2)
  2 bats (D:1)
  4 frilled lizards
  4 rats
48 creatures vanquished.

Vanquished Creatures (collateral kills)
  An adder (D:2)
  2 ball pythons
  A frilled lizard (D:2)
4 creatures vanquished.

Grand Total: 52 creatures vanquished

Notes
Turn   | Place    | Note
-------+----------+-------------------------------------------
     0 | D:1      | Eitelfritz the Demonspawn Necromancer began the quest for
                  | the Orb.
     0 | D:1      | Reached XP level 1. HP: 13/13 MP: 3/3
   277 | D:1      | Gained mutation: A meltable shield of frost defends you.
                  | (SH +4) [demonic ancestry]
   277 | D:1      | Reached XP level 2. HP: 19/19 MP: 3/5
   400 | D:1      | Reached skill level 5 in Necromancy
   687 | D:1      | Found Kist's Distillery.
   700 | D:1      | Gained mutation: Spells you cast may paralyse adjacent
                  | enemies. [demonic ancestry]
   700 | D:1      | Reached XP level 3. HP: 24/24 MP: 4/6
  1131 | D:1      | Learned a level 3 spell: Vampiric Draining
  1489 | D:2      | Gained mutation: You are partially covered in large bone
                  | plates. (SH +4) [demonic ancestry]
  1489 | D:2      | Reached XP level 4. HP: 29/31 MP: 5/8
  1720 | D:2      | Reached skill level 1 in Fighting
  1945 | D:3      | Slain by a gnoll

Illustrated notes

Levels and vault maps discovered:
D:1:      spicycebolla_green_bress_n_ham, layout_basic, serial_shops, shop,
          minmay_surrounded
D:2:      layout_rooms
D:3:      layout_loops_corners, ashenzari_altar_1, chequers_serial_rivers_marsh

Skill      XL: |  1  2  3  4 |
---------------+-------------+-----
Necromancy     | 5 |  5.4
Spellcasting   | 3 |  3.2
Fighting       | 1 |  1.0
Short Blades   | |  0.1
Maces & Flails | |  0.2
Dodging        | |  1.9
Stealth        | |  1.8

Action                     |  1- 3 |  4- 6 || total
---------------------------+-------+-------++-------
  Melee: Short sword       |    12 |       ||    12
         Whip              |     7 |    12 ||    19
         Punch             |       |     1 ||     1
   Cast: Necrotise         |    57 |    16 ||    73
   Stab: Sleeping          |     1 |       ||     1
         Paralysed         |     1 |       ||     1
 Armour: Robe              |     8 |     3 ||    11
  Dodge: Dodged            |    17 |     6 ||    23
  Block: Other             |     4 |     9 ||    13
